3AA
SAN ANTONIO BC @ ATLANTIC CITY SONICS
05/19/2021
 
TOP OF THE 1ST
San Antonio BC batting - Pitching for Atlantic City Sonics : RHP Jason Ackerman
Pitching: RHP Jason Ackerman
Batting: RHB José Muńóz 0-0: Ball
1-0: Swinging Strike
1-1: Ball
2-1: Fly out, F9 (Flyball, 89M)
Batting: SHB Carlos Kramer 0-0: Called Strike
0-1: Fly out, F9 (Flyball, 9M)
Batting: LHB Jesús Reyes 0-0: Called Strike
0-1: Ball
1-1: Ball
2-1: Foul Ball, location: 2F
2-2: Foul Ball, location: 2F
2-2: Ball
3-2: Foul Ball, location: 2F
3-2: Base on Balls
Batting: RHB Alex Maxwell 0-0: Called Strike
0-1: SINGLE (Line Drive, 6D)
Jesús Reyes to second
Batting: RHB Riley Howard 0-0: Foul Ball, location: 2F
0-1: Swinging Strike
0-2: Ball
1-2: Ball
2-2: Fly out, F9 (Line Drive, 9LM)
Top of the 1st over - 0 run(s), 1 hit(s), 0 error(s), 2 left on base; San Antonio 0 - Atlantic City 0
BOTTOM OF THE 1ST
Atlantic City Sonics batting - Pitching for San Antonio BC : LHP Shawn Arnold
Pitching: LHP Shawn Arnold
Batting: RHB Robbie Chambers 0-0: Foul Ball, location: 2F
0-1: Swinging Strike
0-2: Fly out, F9 (Flyball, 9M)
Batting: LHB Pedro López 0-0: Ball
1-0: Fly out, F7 (Line Drive, 7M)
Batting: RHB Josh Stafford 0-0: SINGLE (Flyball, 4MD)
Batting: RHB Martín Álvarez 0-0: Ball
1-0: Ball
2-0: Ball
Pickoff Throw to First - Error! E1
Josh Stafford to second
3-0: Called Strike
3-1: SINGLE (Groundball, 56)
Josh Stafford to third
Runner from 3rd tries for Home, SAFE, no throw or cutoff
Batting: LHB Cliff Aldridge 0-0: SINGLE (Line Drive, 6MD)
Martín Álvarez to second
Runner from 2nd tries for 3rd, SAFE, throw made to third
Cliff Aldridge to second
Batting: RHB Stephen Blair 0-0: SINGLE (Groundball, 56D)
Martín Álvarez scores
Cliff Aldridge to third
Runner from 3rd tries for Home, SAFE, no throw or cutoff
Batting: LHB Kip Burks 0-0: Swinging Strike
0-1: Foul Ball, location: 2F
0-2: Strikes out looking
Bottom of the 1st over - 3 run(s), 4 hit(s), 1 error(s), 1 left on base; San Antonio 0 - Atlantic City 3
TOP OF THE 2ND
San Antonio BC batting - Pitching for Atlantic City Sonics : RHP Jason Ackerman
Batting: SHB Lionel Merlet 0-0: SINGLE (Groundball, 6MD)
Batting: RHB Bobby Buck 0-0: Foul Ball, location: 2F
0-1: Ball
1-1: Ball
2-1: Foul Ball, location: 2F
2-2: Ball
Wild Pitch!
Lionel Merlet to second
3-2: Foul Ball, location: 2F
3-2: Foul Ball, location: 2F
3-2: Fly out, F8 (Flyball, 8RM)
Batting: RHB Tony Hernández 0-0: Foul Ball, location: 2F
0-1: Called Strike
0-2: SINGLE (Line Drive, 56D)
Lionel Merlet to third
Runner from 3rd tries for Home, SAFE, no throw or cutoff
Batting: RHB Micah Miller 0-0: Foul Ball, location: 2F
0-1: Called Strike
0-2: SINGLE (Line Drive, 56)
Tony Hernández to second
Batting: RHB José Muńóz 0-0: Ball
Tony Hernández steals 3rd base
Micah Miller to second
1-0: Foul Ball, location: 2F
1-1: Ball
2-1: Fly out, F7 (Flyball, 7M)
Runner from 3rd tags up, SCORES, no throw
Batting: SHB Carlos Kramer 0-0: Ball
1-0: Foul Ball, location: 2F
1-1: Called Strike
1-2: Foul Ball, location: 2F
1-2: Foul Ball, location: 2F
1-2: Strikes out swinging
Top of the 2nd over - 2 run(s), 3 hit(s), 0 error(s), 1 left on base; San Antonio 2 - Atlantic City 3
BOTTOM OF THE 2ND
Atlantic City Sonics batting - Pitching for San Antonio BC : LHP Shawn Arnold
Batting: RHB Brad Jacobson 0-0: Ball
1-0: Bunted foul
1-1: SINGLE (Groundball, 6M)
Batting: RHB Bob Ethridge 0-0: Ball
1-0: Ball
Brad Jacobson steals 2nd base
2-0: Called Strike
2-1: SINGLE (Groundball, 56)
Brad Jacobson to third
Batting: RHB Robbie Chambers 0-0: Foul Ball, location: 2F
0-1: Ball
1-1: Ball
2-1: Foul Ball, location: 2F
2-2: Ball
3-2: Grounds into double play, 5-4-3 (Groundball, 56)
Brad Jacobson scores
Batting: LHB Pedro López 0-0: Ball
1-0: Called Strike
1-1: Ball
2-1: Foul Ball, location: 2F
2-2: Fly out, F2 (Popup, 2L)
Bottom of the 2nd over - 1 run(s), 2 hit(s), 0 error(s), 0 left on base; San Antonio 2 - Atlantic City 4
TOP OF THE 3RD
San Antonio BC batting - Pitching for Atlantic City Sonics : RHP Jason Ackerman
Batting: LHB Jesús Reyes 0-0: Foul Ball, location: 2F
0-1: Fly out, F8 (Line Drive, 8LM)
Batting: RHB Alex Maxwell 0-0: Fly out, F7 (Flyball, 7M)
Batting: RHB Riley Howard 0-0: Ball
1-0: Called Strike
1-1: Ball
2-1: Foul Ball, location: 2F
2-2: Strikes out swinging
Top of the 3rd over - 0 run(s), 0 hit(s), 0 error(s), 0 left on base; San Antonio 2 - Atlantic City 4
BOTTOM OF THE 3RD
Atlantic City Sonics batting - Pitching for San Antonio BC : LHP Shawn Arnold
Batting: RHB Josh Stafford 0-0: Fly out, F9 (Line Drive, 89M)
Batting: RHB Martín Álvarez 0-0: Ball
1-0: Fly out, F7 (Flyball, 7M)
Batting: LHB Cliff Aldridge 0-0: Swinging Strike
0-1: Foul Ball, location: 2F
0-2: Foul Ball, location: 2F
0-2: Ball
1-2: Foul Ball, location: 2F
1-2: Ball
2-2: Foul Ball, location: 2F
2-2: Foul Ball, location: 2F
2-2: Ball
3-2: Ground out 4-3 (Groundball, 4S)
Bottom of the 3rd over - 0 run(s), 0 hit(s), 0 error(s), 0 left on base; San Antonio 2 - Atlantic City 4
TOP OF THE 4TH
San Antonio BC batting - Pitching for Atlantic City Sonics : RHP Jason Ackerman
Batting: SHB Lionel Merlet 0-0: Ball
1-0: DOUBLE (Flyball, 8RD)
Batting: RHB Bobby Buck 0-0: Swinging Strike
0-1: Swinging Strike
0-2: Ball
1-2: Strikes out swinging
Batting: RHB Tony Hernández 0-0: Called Strike
0-1: Fly out, F4 (Line Drive, 4)
Batting: RHB Micah Miller 0-0: Called Strike
0-1: Foul Ball, location: 2F
0-2: Ball
1-2: Fly out, F8 (Flyball, 8LD)
Top of the 4th over - 0 run(s), 1 hit(s), 0 error(s), 1 left on base; San Antonio 2 - Atlantic City 4
BOTTOM OF THE 4TH
Atlantic City Sonics batting - Pitching for San Antonio BC : LHP Shawn Arnold
Batting: RHB Stephen Blair 0-0: Foul Ball, location: 2F
0-1: Ball
1-1: Fly out, F5 (Line Drive, 56S)
Batting: LHB Kip Burks 0-0: Called Strike
0-1: Called Strike
0-2: Ball
1-2: Foul Ball, location: 2F
1-2: Foul Ball, location: 2F
1-2: Strikes out swinging
Batting: RHB Brad Jacobson 0-0: Fly out, F6 (Popup, 56)
Bottom of the 4th over - 0 run(s), 0 hit(s), 0 error(s), 0 left on base; San Antonio 2 - Atlantic City 4
TOP OF THE 5TH
San Antonio BC batting - Pitching for Atlantic City Sonics : RHP Jason Ackerman
Batting: RHB José Muńóz 0-0: Ball
1-0: Foul Ball, location: 2F
1-1: Swinging Strike
1-2: Foul Ball, location: 2F
1-2: Foul Ball, location: 2F
1-2: Strikes out swinging
Batting: SHB Carlos Kramer 0-0: Ball
1-0: SINGLE (Line Drive, 78S)
Batting: LHB Jesús Reyes 0-0: Ball
1-0: Ball
2-0: Ground out 4-3 (Groundball, 4M)
Carlos Kramer to second
Batting: RHB Alex Maxwell 0-0: Ground out 4-3 (Groundball, 4)
Top of the 5th over - 0 run(s), 1 hit(s), 0 error(s), 1 left on base; San Antonio 2 - Atlantic City 4
BOTTOM OF THE 5TH
Atlantic City Sonics batting - Pitching for San Antonio BC : LHP Shawn Arnold
Batting: RHB Bob Ethridge 0-0: Foul Ball, location: 2F
0-1: Ball
1-1: Called Strike
1-2: Ball
2-2: Foul Ball, location: 2F
2-2: Ball
3-2: Foul Ball, location: 2F
3-2: Base on Balls
Batting: RHB Robbie Chambers 0-0: Ball
1-0: Bunt missed!
Balk!
Bob Ethridge to second
1-1: Sac Bunt - play at first, batter OUT! 1-4
Bob Ethridge to third
Batting: LHB Pedro López 0-0: Ball
1-0: Called Strike
1-1: Swinging Strike
1-2: Ball
2-2: Ball
3-2: Foul Ball, location: 2F
3-2: Strikes out looking
Batting: RHB Josh Stafford 0-0: Ball
1-0: Ball
2-0: Foul Ball, location: 2F
2-1: Ball
3-1: Fly out, F8 (Flyball, 8LM)
Bottom of the 5th over - 0 run(s), 0 hit(s), 0 error(s), 1 left on base; San Antonio 2 - Atlantic City 4
TOP OF THE 6TH
San Antonio BC batting - Pitching for Atlantic City Sonics : RHP Jason Ackerman
Batting: RHB Riley Howard 0-0: Foul Ball, location: 2F
0-1: SINGLE (Line Drive, 6M)
Batting: SHB Lionel Merlet 0-0: Called Strike
0-1: Ball
1-1: Bunted foul
1-2: Fly out, F4 (Popup, 4M)
Batting: RHB Bobby Buck 0-0: Ball
Riley Howard steals 2nd base
1-0: Called Strike
1-1: Ball
2-1: Swinging Strike
2-2: Ground out 5-3 (Groundball, 5S)
Riley Howard to third
Batting: RHB Tony Hernández 0-0: Ball
1-0: Swinging Strike
1-1: Foul Ball, location: 2F
1-2: Foul Ball, location: 2F
1-2: Fly out, F8 (Flyball, 8LM)
Top of the 6th over - 0 run(s), 1 hit(s), 0 error(s), 1 left on base; San Antonio 2 - Atlantic City 4
BOTTOM OF THE 6TH
Atlantic City Sonics batting - Pitching for San Antonio BC : LHP Shawn Arnold
Batting: RHB Martín Álvarez 0-0: Ball
1-0: Ball
2-0: Foul Ball, location: 2F
2-1: Called Strike
2-2: Strikes out swinging
Batting: LHB Cliff Aldridge 0-0: SINGLE (Line Drive, 4D)
Batting: RHB Stephen Blair 0-0: Hit by Pitch
Cliff Aldridge to second
Batting: LHB Kip Burks 0-0: Called Strike
Cliff Aldridge is caught stealing 3rd base
Stephen Blair to second
0-1: Ball
1-1: Ground out 6-3 (Groundball, 6)
Bottom of the 6th over - 0 run(s), 1 hit(s), 0 error(s), 1 left on base; San Antonio 2 - Atlantic City 4
TOP OF THE 7TH
San Antonio BC batting - Pitching for Atlantic City Sonics : RHP Jason Ackerman
Batting: RHB Micah Miller 0-0: Ball
1-0: Called Strike
1-1: Swinging Strike
1-2: Ball
2-2: Strikes out swinging
Batting: RHB José Muńóz 0-0: Ball
1-0: Ball
2-0: Called Strike
2-1: Called Strike
2-2: Ball
3-2: SINGLE (Line Drive, 8LS)
Batting: SHB Carlos Kramer 0-0: Ball
José Muńóz is caught stealing 2nd base
1-0: Foul Ball, location: 2F
1-1: Ground out 3-1 (Groundball, 34)
Top of the 7th over - 0 run(s), 1 hit(s), 0 error(s), 0 left on base; San Antonio 2 - Atlantic City 4
BOTTOM OF THE 7TH
Atlantic City Sonics batting - Pitching for San Antonio BC : LHP Shawn Arnold
Batting: RHB Brad Jacobson 0-0: Ball
1-0: Called Strike
1-1: Foul Ball, location: 2F
1-2: Ball
2-2: Foul Ball, location: 2F
2-2: Strikes out swinging
Batting: RHB Bob Ethridge 0-0: Foul Ball, location: 2F
0-1: Ball
1-1: Foul Ball, location: 2F
1-2: Foul Ball, location: 2F
1-2: Ground out U3 (Groundball, 3S)
Batting: RHB Robbie Chambers 0-0: Called Strike
0-1: Ground out 3-1 (Groundball, 34S)
Bottom of the 7th over - 0 run(s), 0 hit(s), 0 error(s), 0 left on base; San Antonio 2 - Atlantic City 4
TOP OF THE 8TH
San Antonio BC batting - Pitching for Atlantic City Sonics : RHP Jason Ackerman
Now at C: Steven Johnson
Batting: LHB Jesús Reyes 0-0: Fly out, F7 (Flyball, 78D)
Batting: RHB Alex Maxwell 0-0: Foul Ball, location: 2F
0-1: Ball
1-1: Swinging Strike
1-2: Ball
2-2: Ball
3-2: Strikes out swinging
Batting: RHB Riley Howard 0-0: SOLO HOME RUN (Flyball, 78XD), Distance : 406 ft
Batting: SHB Lionel Merlet 0-0: Ball
1-0: Ground out U3 (Groundball, 3)
Top of the 8th over - 1 run(s), 1 hit(s), 0 error(s), 0 left on base; San Antonio 3 - Atlantic City 4
BOTTOM OF THE 8TH
Atlantic City Sonics batting - Pitching for San Antonio BC : LHP Shawn Arnold
Batting: LHB Pedro López 0-0: Ball
1-0: Fly out, F6 (Line Drive, 6)
Batting: RHB Josh Stafford 0-0: Fly out, F2 (Popup, 25F)
Batting: RHB Martín Álvarez 0-0: Foul Ball, location: 2F
0-1: Fly out, F8 (Flyball, 8LS)
Bottom of the 8th over - 0 run(s), 0 hit(s), 0 error(s), 0 left on base; San Antonio 3 - Atlantic City 4
TOP OF THE 9TH
San Antonio BC batting - Pitching for Atlantic City Sonics : RHP Jason Ackerman
Now in CF: Marty Hayden
Batting: RHB Bobby Buck 0-0: Ball
1-0: Foul Ball, location: 2F
1-1: Foul Ball, location: 2F
1-2: Fly out, F7 (Flyball, 78M)
Batting: RHB Tony Hernández 0-0: Ball
1-0: Reached on Error, E9 (Flyball, 89M)
Pitching: RHP Bernardo Valdés
Batting: RHB Micah Miller 0-0: Ball
1-0: Ball
2-0: Ball
3-0: Called Strike
3-1: SINGLE (Groundball, 4MD)
Tony Hernández to second
Batting: RHB José Muńóz 0-0: Swinging Strike
0-1: Ball
1-1: Ball
2-1: Foul Ball, location: 2F
2-2: Ball
3-2: Strikes out swinging
Batting: SHB Carlos Kramer 0-0: Called Strike
0-1: Called Strike
0-2: Foul Ball, location: 2F
0-2: Ball
1-2: SINGLE (Groundball, 34)
Tony Hernández to third
Micah Miller to second
Runner from 3rd tries for Home, SAFE, no throw or cutoff
Batting: LHB Jesús Reyes 0-0: Ball
1-0: Called Strike
1-1: Fly out, F6 (Line Drive, 4MD)
Top of the 9th over - 1 run(s), 2 hit(s), 1 error(s), 2 left on base; San Antonio 4 - Atlantic City 4
BOTTOM OF THE 9TH
Atlantic City Sonics batting - Pitching for San Antonio BC : LHP Shawn Arnold
Pinch Hitting: RHB Jason Duncan 0-0: Called Strike
0-1: Ball
1-1: Ball
2-1: Called Strike
2-2: Fly out, F8 (Flyball, 8RS)
Batting: RHB Marty Hayden 0-0: Ball
1-0: Fly out, F8 (Flyball, 8LD)
Batting: LHB Kip Burks 0-0: Called Strike
0-1: Ground out 4-3 (Groundball, 4M)
Bottom of the 9th over - 0 run(s), 0 hit(s), 0 error(s), 0 left on base; San Antonio 4 - Atlantic City 4
TOP OF THE 10TH
San Antonio BC batting - Pitching for Atlantic City Sonics : RHP Bernardo Valdés
Now at 1B: Jason Duncan
Batting: RHB Alex Maxwell 0-0: Called Strike
0-1: Called Strike
0-2: Ball
1-2: Strikes out swinging
Batting: RHB Riley Howard 0-0: Ball
1-0: Foul Ball, location: 2F
1-1: Swinging Strike
1-2: Ball
2-2: Foul Ball, location: 2F
2-2: Ground out 6-3 (Groundball, 6S)
Batting: SHB Lionel Merlet 0-0: Ground out 4-3 (Groundball, 4M)
Top of the 10th over - 0 run(s), 0 hit(s), 0 error(s), 0 left on base; San Antonio 4 - Atlantic City 4
BOTTOM OF THE 10TH
Atlantic City Sonics batting - Pitching for San Antonio BC : LHP Shawn Arnold
Batting: LHB Steven Johnson 0-0: Ball
1-0: Ball
2-0: SINGLE (Line Drive, 5D)
Pitching: RHP Mike Lindsay
Batting: RHB Bob Ethridge 0-0: Called Strike
0-1: Ball
1-1: Bunted foul
1-2: Strikes out swinging
Pinch Hitting: LHB Neal Hart 0-0: Ball
1-0: Ball
Wild Pitch!
Steven Johnson to second
2-0: Called Strike
2-1: Ball
3-1: Foul Ball, location: 2F
3-2: Base on Balls
Batting: LHB Pedro López 0-0: Foul Ball, location: 2F
0-1: Foul Ball, location: 2F
0-2: Ball
1-2: Ball
2-2: Strikes out swinging
Batting: RHB Josh Stafford 0-0: Ball
1-0: Ball
2-0: SINGLE (Groundball, 56)
Steven Johnson to third
Neal Hart to second
Runner from 3rd tries for Home, throw and OUT!
Bottom of the 10th over - 0 run(s), 2 hit(s), 0 error(s), 2 left on base; San Antonio 4 - Atlantic City 4
TOP OF THE 11TH
San Antonio BC batting - Pitching for Atlantic City Sonics : RHP Bernardo Valdés
Now at SS: Luis Garza
Batting: RHB Bobby Buck 0-0: Ball
1-0: Ball
2-0: Swinging Strike
2-1: Foul Ball, location: 2F
2-2: Fly out, F7 (Flyball, 7LD)
Pitching: LHP Miguel Canó
Batting: RHB Tony Hernández 0-0: Ball
1-0: Ball
2-0: Fly out, F8 (Flyball, 8RD)
Batting: RHB Micah Miller 0-0: Ground out 1-3 (Groundball, 13S)
Top of the 11th over - 0 run(s), 0 hit(s), 0 error(s), 0 left on base; San Antonio 4 - Atlantic City 4
BOTTOM OF THE 11TH
Atlantic City Sonics batting - Pitching for San Antonio BC : RHP Mike Lindsay
Batting: RHB Martín Álvarez 0-0: Ball
1-0: Ball
2-0: Ball
3-0: Base on Balls
Batting: RHB Jason Duncan 0-0: Ball
1-0: Ball
2-0: Foul Ball, location: 2F
2-1: Fly out, F5 (Line Drive, 56)
Pinch Hitting: LHB Dale Parkinson 0-0: Called Strike
Martín Álvarez is caught stealing 2nd base
0-1: Ball
1-1: Called Strike
1-2: Foul Ball, location: 2F
1-2: Foul Ball, location: 2F
1-2: Foul Ball, location: 2F
1-2: Ball
2-2: Fly out, F7 (Flyball, 7M)
Bottom of the 11th over - 0 run(s), 0 hit(s), 0 error(s), 0 left on base; San Antonio 4 - Atlantic City 4
TOP OF THE 12TH
San Antonio BC batting - Pitching for Atlantic City Sonics : LHP Miguel Canó
Now in CF: David Snyder
Batting: RHB José Muńóz 0-0: Ball
1-0: Fly out, F7 (Flyball, 78M)
Batting: SHB Carlos Kramer 0-0: Called Strike
0-1: Ball
1-1: Ground out 6-3 (Groundball, 6M)
Batting: LHB Jesús Reyes 0-0: Foul Ball, location: 2F
0-1: Swinging Strike
0-2: Foul Ball, location: 2F
0-2: Ground out 4-3 (Groundball, 34S)
Top of the 12th over - 0 run(s), 0 hit(s), 0 error(s), 0 left on base; San Antonio 4 - Atlantic City 4
BOTTOM OF THE 12TH
Atlantic City Sonics batting - Pitching for San Antonio BC : RHP Mike Lindsay
Pitching: RHP Karl Pratt
Batting: LHB Kip Burks 0-0: Called Strike
0-1: Ball
1-1: Ball
2-1: Ground out U3 (Groundball, 3)
Batting: LHB Steven Johnson 0-0: Called Strike
0-1: Swinging Strike
0-2: Foul Ball, location: 2F
0-2: Ball
1-2: Ball
2-2: Foul Ball, location: 2F
2-2: Strikes out swinging, 2-3 out at first.
Pinch Hitting: RHB Chris Henderson 0-0: Ball
1-0: Ball
2-0: Foul Ball, location: 2F
2-1: Called Strike
2-2: Ball
3-2: Foul Ball, location: 2F
3-2: Base on Balls
Pinch Hitting: LHB Jim Unknown 0-0: Ball
1-0: Ball
2-0: Ball
3-0: Base on Balls
Chris Henderson to second
Batting: LHB Pedro López 0-0: Ball
1-0: Ball
2-0: Called Strike
2-1: Foul Ball, location: 2F
2-2: Strikes out swinging
Bottom of the 12th over - 0 run(s), 0 hit(s), 0 error(s), 2 left on base; San Antonio 4 - Atlantic City 4
TOP OF THE 13TH
San Antonio BC batting - Pitching for Atlantic City Sonics : LHP Miguel Canó
Now at 2B: Jim Unknown
Now at SS: Chris Henderson
Batting: RHB Alex Maxwell 0-0: Ball
1-0: Ball
2-0: Ball
3-0: Base on Balls
Batting: RHB Riley Howard 0-0: Ball
1-0: Foul Ball, location: 2F
1-1: Ball
2-1: Foul Ball, location: 2F
2-2: Ball
3-2: Fly out, F9 (Flyball, 9D)
Batting: SHB Lionel Merlet 0-0: Ball
1-0: Ball
2-0: Foul Ball, location: 2F
2-1: Foul Ball, location: 2F
2-2: Ground out 4-3 (Groundball, 13)
Alex Maxwell to second
Batting: RHB Bobby Buck 0-0: Ball
1-0: Called Strike
1-1: Called Strike
1-2: Strikes out swinging
Top of the 13th over - 0 run(s), 0 hit(s), 0 error(s), 1 left on base; San Antonio 4 - Atlantic City 4
BOTTOM OF THE 13TH
Atlantic City Sonics batting - Pitching for San Antonio BC : RHP Karl Pratt
Batting: RHB Josh Stafford 0-0: Ball
1-0: Swinging Strike
1-1: Foul Ball, location: 2F
1-2: Foul Ball, location: 2F
1-2: Strikes out swinging
Batting: RHB Martín Álvarez 0-0: Called Strike
0-1: Ball
Reached via error on a dropped throw, E3
Batting: RHB Jason Duncan 0-0: Called Strike
0-1: Ball
1-1: Ball
2-1: Swinging Strike
2-2: Foul Ball, location: 2F
2-2: Strikes out swinging
Pinch Hitting: RHB Edgar Stephenson 0-0: Called Strike
0-1: Called Strike
0-2: Fly out, F7 (Flyball, 78XD)
Bottom of the 13th over - 0 run(s), 0 hit(s), 1 error(s), 1 left on base; San Antonio 4 - Atlantic City 4
TOP OF THE 14TH
San Antonio BC batting - Pitching for Atlantic City Sonics : LHP Miguel Canó
Now in CF: Leonard Jones
Batting: RHB Tony Hernández 0-0: Ground out 4-3 (Groundball, 4)
Batting: RHB Micah Miller 0-0: Swinging Strike
0-1: Ground out 5-3 (Groundball, 56S)
Batting: RHB José Muńóz 0-0: Ball
1-0: Foul Ball, location: 2F
1-1: Foul Ball, location: 2F
1-2: Ball
2-2: Ball
3-2: Strikes out swinging
Top of the 14th over - 0 run(s), 0 hit(s), 0 error(s), 0 left on base; San Antonio 4 - Atlantic City 4
BOTTOM OF THE 14TH
Atlantic City Sonics batting - Pitching for San Antonio BC : RHP Karl Pratt
Batting: LHB Kip Burks 0-0: Ball
1-0: Ball
2-0: SOLO HOME RUN (Flyball, 9D), Distance : 384 ft
This league is powered by Out of the Park Baseball, the baseball management simulation game for PC, Mac and Linux
Friday, January 22nd, 2016 - OOTP Baseball 16.9 Build 39